 Dungeon Crawl Stone Soup version 0.31.0-11-ge490571c62 (webtiles) character file.

Game seed: 1255280407431763966

2 Esekla the Sneak (level 1, 0/18 HPs)
             Began as a Barachi Delver on Jan 27, 2024.
             Slain by a hound (3 damage)
             ... on level 5 of the Dungeon.
             The game lasted 00:02:18 (114 turns).

Esekla the Sneak (Barachi Delver)                    Turns: 114, Time: 00:02:18

Health: 0/18       AC:  3    Str: 13    XL:     1   Next: 30%
Magic:  1/1        EV: 12    Int: 10    God:
Gold:   42         SH:  0    Dex: 13    Spells: 0/0 levels left

rFire   . . .        a - +0 falchion
rCold   . . .        (no shield)
rNeg    . . .        b - +0 leather armour
rPois   .            (no helmet)
rElec   .            (no cloak)
rCorr   .            (no gloves)
SInv    .            (no boots)
Will    .....        (no amulet)
Stlth   ++           (no ring)
HPRegen 0.23/turn    (no ring)
MPRegen 0.07/turn

%: no passive effects
@: unable to hop, hasted, quick
A: amphibious, slowness 1, strong legs 1, +LOS
a: Hop


You were on level 5 of the Dungeon.
You visited 1 branch of the dungeon, and saw 1 of its levels.

You collected 42 gold pieces.

Inventory:

Hand Weapons
 a - a +0 falchion (weapon)
Armour
 b - a +0 leather armour (worn)
Wands
 g - a wand of digging (3)
Scrolls
 c - a scroll of fog
Potions
 h - a potion of cancellation {unknown}


   Skills:
 * Level 3.6 Fighting
 * Level 2.4 Long Blades
 + Level 2.1 Dodging
 + Level 4.6 Stealth


You couldn't memorise any spells.
You didn't know any spells.
Your spell library was empty.

Dungeon Overview and Level Annotations

Branches:
Dungeon (5/15)
 Temple: D:4-7

Altars:


Innate Abilities, Weirdness & Mutations

You are amphibious.
You cover ground slowly.
You can hop short distances.
You have an extended range of vision and can be seen from far away.


Message History

Found 6 gold pieces.
h - a sapphire potion You now have 6 gold pieces.
As you read the scroll of revelation, it crumbles to dust.
You feel aware of your surroundings.
You sensed 1 altar.
An orc, an iguana and a scorpion come into view.
Found 14 gold pieces.
There is a stone staircase leading up here.
You closely miss the orc. The orc closely misses you.
You hit the orc but do no damage. The orc closely misses you.
You slash the orc!
You kill the orc!
You see here a +0 flail.
A jelly comes into view.
You now have 20 gold pieces (gained 14).
Found 22 gold pieces.
You now have 42 gold pieces (gained 22).
Found 16 gold pieces.
A ribbon worm and a bullfrog come into view.
The bullfrog gives a loud, deep croak!
You hear an angry hiss.
The bullfrog hits you.
You closely miss the bullfrog. The bullfrog hits you.
The bullfrog barely misses you.
You closely miss the bullfrog. The bullfrog closely misses you.
The bullfrog hits you!
* * * LOW HITPOINT WARNING * * *
As you read the scroll of fear, it crumbles to dust.
You assume a fearsome visage.
The ribbon worm looks frightened!
The bullfrog looks frightened!
An adder and an iguana come into view.
Hop to where?
Press: ? - help, Dir - move target
Found a sling.
Boing!
A hound comes into view.
Found 9 gold pieces.
You feel yourself speed up. The hound bites you but does no damage.
The hound closely misses you.
You miss the adder. The adder bites you but does no damage.
The hound bites you.
You die...

*,*
#w.....##********,,*****#.
*,*****#.####..### **,***
**. *,*,,,,,,* #....#
###...###.. *,*,******
#.##.##########.l##s#
,,,,**
#.##......######....#
,,,,,**
#.#######.########.##
,,,,,,* #..###
#.####.....## <,,,,,*
##.S)# #.####.###...
,,,,,,*******###@#
#....#.######
,,,,,,,,,,,,,,*#h#*
####.#.###...
,,,,,,*******,,#.$*
###.#.###.## ,,,,,**
**,...# ###...#...##
,,,,**
**#..#**####....#### **,**
#...,####...###### *,**
##.#.#....#...#### *,,*
*#......#...#...## **,*
******....J.....####.##


You could see a hound and an adder.

Vanquished Creatures
  An orc (D:5)
1 creature vanquished.

Notes
Turn   | Place    | Note
-------+----------+-------------------------------------------
     0 | D:5      | Esekla the Barachi Delver began the quest for the Orb.
     0 | D:5      | Reached XP level 1. HP: 18/18 MP: 1/1
    27 | D:5      | Noticed an iguana
    27 | D:5      | Noticed a scorpion
    80 | D:5      | Noticed a jelly
   103 | D:5      | Noticed a bullfrog
   107 | D:5      | Noticed an iguana
   111 | D:5      | Noticed a hound
   114 | D:5      | Slain by a hound

Illustrated notes

Levels and vault maps discovered:
D:5:      layout_rooms, mainiacjoe_overflow_small_starburst

Action                     || total
---------------------------++-------
  Melee: Falchion          ||     6
Ability: Hop               ||     1
    Use: Scroll            ||     2
         Potion            ||     1
 Armour: Leather armour    ||     6
  Dodge: Dodged            ||     5
